 Dungeon Crawl Stone Soup version 0.31-a0-983-g7b6862f502 (webtiles) character file.

Game seed: 15251248098292917164

85 lunkers the Ruffian (level 4, -2/51 HPs)
             Began as a Demigod Shapeshifter on Nov 2, 2023.
             Succumbed to Terence's poison
             ... on level 2 of the Dungeon.
             The game lasted 00:01:23 (1515 turns).

lunkers the Ruffian (Demigod Shapeshifter)          Turns: 1515, Time: 00:01:24

Health: -2/51      AC: 22    Str: 19    XL:     4   Next: 5%
Magic:  6/6        EV:  2    Int: 12    God:
Gold:   107        SH:  5    Dex: 13    Spells: 3/3 levels left

rFire   + .          .
                       - Unarmed
rCold   . . .        (no shield)
rNeg    . . .        k - melded +0 plate armour
rPois   +            (helmet currently unavailable)
rElec   .            (cloak currently unavailable)
rCorr   .            (gloves currently unavailable)
SInv    .            (boots currently unavailable)
Will    .....        j - amulet of reflection
Stlth   +            m - ring of protection from fire
HPRegen 0.28/turn    (no ring)
MPRegen 0.10/turn

%: reflection
@: lethally poisoned (-2 -> -28), tree-form
A: stationary, stasis, torment immunity, boosted hp, high MP 1, forlorn, divine
attributes
a: no special abilities


You were on level 2 of the Dungeon.
You were a tree.
You visited 1 branch of the dungeon, and saw 2 of its levels.

You collected 107 gold pieces.

Inventory:

Armour
 a - a +0 animal skin
 f - a +0 pair of boots
 k - a +0 plate armour (melded)
Jewellery
 j - an amulet of reflection (around neck)
 m - a ring of protection from fire (left branch)
Talismans
 c - a beast talisman
 d - a flux talisman
Scrolls
 e - a scroll of noise {unknown}
 g - a scroll of torment {unknown}
 h - a scroll of enchant armour {unknown}
 i - a scroll of blinking {unknown}
 n - a scroll of acquirement {unknown}
 p - a scroll of teleportation {unknown}
Potions
 l - a potion of ambrosia {unknown}
 o - a potion of haste {unknown}


   Skills:
 - Level 0.8 Fighting
 - Level 1.7 Dodging
 * Level 4.1 Unarmed Combat
 + Level 3.3 Shapeshifting


You had 3 spell levels left.
You didn't know any spells.
Your spell library was empty.

Dungeon Overview and Level Annotations

Branches:
Dungeon (2/15)

Annotations:
D:2 Terence


Innate Abilities, Weirdness & Mutations

You are a tree.
Your roots penetrate the ground, keeping you stationary.
You cannot be teleported.
You are immune to unholy pain and torment.
Your maximum health is greatly increased.
Your equipment is partially melded.
You have an increased reservoir of magic. (+10% MP)
You shall have no god before yourself.
Your divine heritage dramatically boosts your attributes as you level up.


Message History

You hit the kobold but do no damage. Your punch misses the kobold.
You feel sick. The kobold hits you but does no damage.
Terence screams, "I want your blood!" You block Terence's attack.
You hit the kobold.
You kill the kobold!
You feel sick.
Terence hits you from afar with a +1 trident of venom.
Found 5 gold pieces.
You feel sick. You block Terence's attack.
Unknown command.
You closely miss Terence.
You feel sick.
Terence hits you with a +1 trident of venom.
You are more poisoned.
You punch Terence!
Terence is heavily wounded.
You feel sick. Terence hits you but does no damage.
You are more poisoned.
You barely miss Terence.
Terence is heavily wounded.
You feel very sick.
Terence hits you with a +1 trident of venom!
* * * LOW HITPOINT WARNING * * *
You are more poisoned.
You hit Terence but do no damage.
Terence is heavily wounded.
* * * LOW HITPOINT WARNING * * *
You feel very sick. Terence hits you but does no damage.
You are more poisoned.
Your transformation has ended.
You turn into a tree.
Your +0 plate armour melds into your body.
Your roots penetrate the ground.
* * * LOW HITPOINT WARNING * * *
You feel extremely sick. Terence hits you but does no damage.
Unknown command.
You barely miss Terence.
Terence is heavily wounded.
You die...

#.. #....# #.. ##
#....# ####.. #..#....#
#..... #..#....###
#<##.. ###..#.......#
##. #.>
#.........##.####..###.
#..@............#....
#...♣...##.. ###..###
.#...)...# #.##...##
#.........###....####
....####.$..###......##
##$ #..#.####.###..## #
##........# ##.##
##....#######...
##....####.....
.........÷.....


You could see Terence.

Vanquished Creatures
  Jessica (D:2)
  An adder (D:2)
  A dart slug (D:1)
  4 ball pythons
  4 bats
  6 endoplasms
  3 giant cockroaches (D:2)
  2 hobgoblins
  4 jackals (D:1)
  2 quokkas (D:1)
  2 frilled lizards
  6 goblins
  4 kobolds
  3 rats
43 creatures vanquished.

Notes
Turn   | Place    | Note
-------+----------+-------------------------------------------
     0 | D:1      | lunkers the Demigod Shapeshifter began the quest for the
                  | Orb.
     0 | D:1      | Reached XP level 1. HP: 15/15 MP: 3/3
    71 | D:1      | Reached skill level 3 in Unarmed Combat
   216 | D:1      | Reached XP level 2. HP: 22/22 MP: 4/4
  1152 | D:2      | Reached XP level 3. HP: 26/27 MP: 5/5
  1397 | D:2      | Noticed Jessica
  1404 | D:2      | Killed Jessica
  1405 | D:2      | Reached skill level 4 in Unarmed Combat
  1405 | D:2      | Reached XP level 4. HP: 22/34 MP: 6/6
  1500 | D:2      | Noticed Terence
  1515 | D:2      | Succumbed to Terence's poison

Illustrated notes

Levels and vault maps discovered:
D:1:      matt_arrival_grand_opening, layout_basic
D:2:      layout_rooms, reono_crystal_passage, serial_bayou_pond_e,
          uniq_terence, uniq_natasha, uniq_jessica

Skill      XL: |  1  2  3 |
---------------+----------+-----
Unarmed Combat | 3 4 |  4.1
Shapeshifting  | 3 |  3.3
Fighting       | |  0.8
Dodging        | |  1.7

Action                     |  1- 3 |  4- 6 || total
---------------------------+-------+-------++-------
  Melee: Unarmed           |   111 |    13 ||   124
         Punch             |     3 |       ||     3
    Use: Potion            |       |     1 ||     1
 Armour: Animal skin       |    39 |       ||    39
         Plate armour      |    32 |    11 ||    43
         Skin              |       |     1 ||     1
  Dodge: Dodged            |    61 |     3 ||    64
  Block: Other             |     5 |     3 ||     8

Table legend: (Time is in decaauts)
 A = Elapsed time spent in this place.
 B = Non-inter-level travel time spent in this place.
 C = Inter-level travel time spent in this place.
 D = Time resting spent in this place.
 E = Time spent auto-exploring this place.
 F = Levels seen in this place.
 G = Mean time per level.
                   A        B        C        D        E       F      G
               +--------+--------+--------+--------+--------+-----+--------+
         Total |   1506 |   1380 |    126 |      0 |   1121 |   2 |  753.0 |
       Dungeon |   1506 |   1380 |    126 |      0 |   1121 |   2 |  753.0 |
               +--------+--------+--------+--------+--------+-----+--------+

Top non-repeatable levels by time:
     D:1: 1142 daAuts
     D:2: 364 daAuts
